 Dungeon Crawl Stone Soup version 0.25-a0-200-g5ba96148f3 (console) character file.

Game seed: 11246393577375232846, levelgen mode: deterministic

8421 Kagalorn the Protected (level 11, -9/99 HPs)
             Began as a Minotaur Hunter on Dec 2, 2019.
             Was an Initiate of Gozag.
             Mangled by a sphinx (11 damage)
             ... on level 11 of the Dungeon.
             The game lasted 00:31:59 (9500 turns).

Kagalorn the Protected (Minotaur Hunter)            Turns: 9500, Time: 00:32:00

Health: -9/99      AC: 20    Str: 23    XL:     11   Next: 9%
Magic:  10/10      EV: 11    Int:  6    God:    Gozag
Gold:   141        SH:  0    Dex: 17    Spells: 10/10 levels left

rFire    . . .     SeeInvis .   a - +3 exec axe {pain, rElec MR+}
rCold    + . .     Gourm    .   (shield currently unavailable)
rNeg     . . .     Faith    .   N - +3 chain mail {rPois}
rPois    +         Spirit   .   (helmet restricted)
rElec    +         Reflect  .   H - +2 cloak {rPois}
rCorr    .         Harm     .   A - +0 pair of gloves
MR       +....                  (no boots)
Stlth    ..........             o - amulet of regeneration
HPRegen  0.66/turn              l - +2 ring of strength
MPRegen  0.12/turn              z - +5 ring of dexterity

@: gold aura, flying
A: retaliatory headbutt, horns 2, agile 1, cold resistance 1, dopey 1
a: Potion Petition, Call Merchant, Bribe Branch, Renounce Religion


You were on level 11 of the Dungeon.
You worshipped Gozag.
Gozag was aware of your devotion.
You were not hungry.

You visited 2 branches of the dungeon, and saw 12 of its levels.

You collected 1867 gold pieces.
You spent 1645 gold pieces at shops.
You paid 81 gold pieces to Gozag.

Inventory:

Hand Weapons
 a - the +3 executioner's axe "Roenutzy" (weapon) {pain, rElec MR+}
   (You bought it in a shop on level 7 of the Dungeon)

   In the hands of one skilled in necromantic magic, it inflicts extra damage on
   living creatures.
   It insulates you from electricity.
   It affects your resistance to hostile enchantments.
 b - a +2 arbalest of freezing
 w - a +0 antimagic demon whip
 F - a +2 halberd of flaming
Missiles
 d - 94 bolts
 I - 2 throwing nets (quivered)
 J - 6 javelins
Armour
 A - a +0 pair of gloves (worn)
 H - a +2 cloak of poison resistance (worn)
 N - a +3 chain mail of poison resistance (worn)
Jewellery
 l - a +2 ring of strength (left hand)
 o - an amulet of regeneration (around neck)
 x - an uncursed ring of flight
 z - a +5 ring of dexterity (right hand)
Wands
 r - a wand of flame (44)
 t - a wand of scattershot (11)
Scrolls
 e - 3 scrolls of fear {unknown}
 g - 5 scrolls of amnesia
 j - 7 scrolls of remove curse
 m - 6 scrolls of identify {unknown}
 n - a scroll of noise {unknown}
 p - 3 scrolls of teleportation {unknown}
 q - 3 scrolls of magic mapping {unknown}
 u - 3 scrolls of enchant weapon {unknown}
 y - 3 scrolls of random uselessness {unknown}
 D - a scroll of fog {unknown}
 K - a scroll of immolation {unknown}
 L - a scroll of blinking {unknown}
 M - a scroll of summoning {unknown}
Potions
 c - 2 potions of curing
 h - 2 potions of lignification {unknown}
 i - 2 potions of might {unknown}
 k - a potion of agility {unknown}
 s - 3 potions of flight
 v - 2 potions of brilliance {unknown}
 C - 2 potions of heal wounds {unknown}
 E - 2 potions of ambrosia {unknown}
 G - a potion of magic {unknown}
Comestibles
 f - 21 rations


   Skills:
 - Level 10.0 Fighting
 * Level 5.8 Axes
 * Level 11.1 Crossbows
 + Level 11.9 Armour
 * Level 4.7 Dodging
 - Level 1.0 Stealth


You had 10 spell levels left.
You didn't know any spells.
Your spell library contained the following spells:

 Spells                   Type           Power        Failure   Level  Hunger
 Magic Dart               Conj           #...         95%         1    ##.....
 Blink                    Tloc           N/A          98%         2    ###....
 Call Imp                 Summ           #.......     98%         2    ###....
 Slow                     Hex            #.......     98%         2    ###....
 Conjure Flame            Conj/Fire      #.......     100%        3    ####...
 Mephitic Cloud           Conj/Pois/Air  #.......     100%        3    ####...
 Cause Fear               Hex            #.........   100%        4    #####..
 Silence                  Hex/Air        #.........   100%        5    ######.
 Yara's Violent Unravell  Hex/Tmut       #.........   100%        5    ######.
 Deflect Missiles         Chrm/Air       #.........   100%        6    #######
 Discord                  Hex            #.........   100%        8    #######


Dungeon Overview and Level Annotations

Branches:
Dungeon (11/15)            Temple (1/1) D:4
   Lair: D:8-11         Orc: D:9-12

Altars:
Ashenzari
Cheibriados
Dithmenos
Elyvilon
Fedhas
Gozag
Hepliaklqana
Kikubaaqudgha
Makhleb
Nemelex Xobeh
Okawaru
Qazlal
Ru
Sif Muna
Trog
Uskayaw
Vehumet
Wu Jian
Xom
Yredelemnul
Zin
The Shining One

Shops:
D:4 *([   D:5 [   D:7 ((   D:8 (


Innate Abilities, Weirdness & Mutations

You reflexively headbutt those who attack you in melee.
You have a pair of horns on your head.
You are agile. (Dex +2)
Your flesh is cold resistant. (rC+)
You are dopey. (Int -2)


Message History

You slice the sphinx!!
The sphinx hits you but does no damage. x3
The tengu warrior hits you but does no damage.
The tengu warrior pecks you but does no damage.
The tengu warrior claws you but does no damage.
The sphinx hits you but does no damage. The sphinx completely misses you.
The sphinx hits you but does no damage.
You miss the tengu warrior. Your headbutt misses the tengu warrior.
The tengu warrior is almost dead.
You hit the sphinx.
The tengu warrior hits you with a +0 battleaxe!
* * * LOW HITPOINT WARNING * * *
The tengu warrior pecks you but does no damage.
The tengu warrior claws you but does no damage.
The sphinx hits you but does no damage. x3
The tengu warrior barely misses you.
The tengu warrior pecks you but does no damage.
The tengu warrior claws you but does no damage.
The sphinx hits you!
You die...
Your body crumbles into a pile of gold.

#...# #..#.#
#..### #...# $
#...#
.######...# $
.........###
.#......H#Q#
#.......@#..Q.#
#.......$######
$ #.........
#.......... $
##########+P ..
.. .P$


You could see a sphinx and a tengu warrior.

Vanquished Creatures
  Harold (D:7)
  Pikel (D:7)
  Maurice (D:8)
  Joseph (D:7)
  2 trolls
  A hornet (D:10)
  A steam dragon (D:10)
  3 hungry ghosts
  2 soldier ants (D:10)
  Duvessa (D:7)
  A porcupine (D:11)
  A water moccasin (D:6)
  3 sky beasts
  4 ice beasts
  3 slaves (D:7)
  3 orc warriors (D:10)
  A phantom (D:6)
  A black bear (D:9)
  7 ogres
  2 necrophages (D:9)
  6 centaurs
  2 crocodiles
  A big kobold (D:8)
  A bullfrog (D:10)
  A gnoll sergeant (D:5)
  Dowan (D:7)
  A water moccasin zombie (D:9)
  A scorpion (D:9)
  2 howler monkeys
  A bullfrog zombie (D:9)
  5 crimson imps
  A quasit (D:9)
  A centaur zombie (D:10)
  2 centaur skeletons
  A gnoll shaman (D:8)
  8 hounds
  2 jellies
  12 orc wizards
  3 bullfrog skeletons
  14 orc priests
  3 iguanas
  6 worker ants
  A hound skeleton (D:10)
  11 gnolls
  9 adders
  2 shadow imps
  4 oozes
  4 adder zombies
  2 worms
  6 dart slugs
  3 leopard geckos
  34 orcs
  8 bats
  3 giant cockroaches
  4 goblins
  7 hobgoblins
  2 jackals (D:8)
  2 quokkas
  4 frilled lizards
  A jackal skeleton (D:5)
  8 kobolds
  4 rats
234 creatures vanquished.

Vanquished Creatures (others)
  A sky beast (D:8)
  A slave (D:7)
  An orc (D:7)
  2 jackals (D:7)
  A plant (D:11)
6 creatures vanquished.

Grand Total: 240 creatures vanquished

Notes
Turn   | Place    | Note
-------+----------+-------------------------------------------
     0 | D:1      | Kagalorn the Minotaur Hunter began the quest for the Orb.
     0 | D:1      | Reached XP level 1. HP: 18/18 MP: 0/0
    43 | D:1      | Reached skill level 5 in Crossbows
    43 | D:1      | Reached XP level 2. HP: 23/25 MP: 1/1
   581 | D:1      | Reached XP level 3. HP: 13/30 MP: 2/2
   860 | D:2      | Found a faded altar of an unknown god.
   951 | D:2      | Reached XP level 4. HP: 18/37 MP: 3/3
  1214 | D:2      | Noticed a centaur
  1223 | D:2      | Killed a centaur
  1223 | D:2      | Reached XP level 5. HP: 13/42 MP: 4/4
  1514 | D:2      | Found a glowing golden altar of the Shining One.
  2117 | D:4      | Found Weghu's General Store.
  2240 | D:4      | Reached XP level 6. HP: 45/50 MP: 5/5
  2377 | D:4      | Found Omoek's Antique Weapon Boutique.
  2393 | D:4      | Found a staircase to the Ecumenical Temple.
  2399 | Temple   | Entered the Ecumenical Temple
  2736 | Temple   | Became a worshipper of Gozag Ym Sagoz the Greedy
  3056 | D:4      | Found Mogge's Antique Armour Shoppe.
  3081 | D:4      | Bought an aquamarine-encrusted chain mail for 228 gold
                  | pieces
  3092 | D:4      | Identified the +0 chain mail "Uzinu" {rElec rC+ SInv} (You
                  | bought it in a shop on level 4 of the Dungeon)
  3281 | D:5      | Entered Level 5 of the Dungeon
  3408 | D:5      | Reached skill level 1 in Armour
  3408 | D:5      | Reached XP level 7. HP: 55/56 MP: 6/6
  3431 | D:5      | Found a white marble altar of Elyvilon.
  3595 | D:5      | Reached skill level 10 in Crossbows
  3707 | D:5      | Found Niulyo's Antique Armour Boutique.
  3711 | D:5      | Found a basalt altar of Yredelemnul.
  3980 | D:5      | Found a blossoming altar of Fedhas.
  4198 | D:6      | Reached XP level 8. HP: 63/63 MP: 7/7
  4244 | D:6      | Found a snail-covered altar of Cheibriados.
  4451 | D:6      | Reached skill level 5 in Armour
  4852 | D:6      | Found an ancient bone altar of Kikubaaqudgha.
  4857 | D:6      | Found a hazy altar of Hepliaklqana.
  4860 | D:6      | Found a sparkling altar of Nemelex Xobeh.
  5039 | D:7      | Noticed Duvessa
  5044 | D:7      | Noticed Dowan
  5061 | D:7      | Killed Duvessa
  5061 | D:7      | Reached skill level 5 in Fighting
  5074 | D:7      | Killed Dowan
  5074 | D:7      | Reached XP level 9. HP: 74/74 MP: 8/8
  5151 | D:7      | Found Weffikath's Antique Weapon Boutique.
  5156 | D:7      | Bought a runed demon whip for 342 gold pieces
  5296 | D:7      | Noticed Pikel
  5315 | D:7      | Killed Pikel
  5379 | D:7      | Noticed Harold
  5517 | D:7      | Found Gomusun's Antique Weapon Boutique.
  5687 | D:7      | Noticed Joseph
  5706 | D:7      | Killed Joseph
  5706 | D:7      | Reached skill level 10 in Armour
  6049 | D:8      | Noticed Maurice
  6098 | D:8      | Killed Maurice
  6203 | D:8      | Reached XP level 10. HP: 79/91 MP: 3/9
  6260 | D:8      | You fall into a shaft and drop 1 floor!
  6265 | D:9      | Reached skill level 1 in Stealth
  6282 | D:9      | Found a radiant altar of Vehumet.
  6408 | D:9      | Found an ornate altar of the Wu Jian Council.
  6592 | D:9      | Reached skill level 10 in Fighting
  6969 | D:8      | Found Buvvioph's Antique Weapon Emporium.
  7283 | D:7      | Bought an ancient executioner's axe for 375 gold pieces
  7283 | D:7      | Bought a slimy arbalest for 237 gold pieces
  7284 | D:7      | Identified the +3 executioner's axe "Roenutzy" {pain, rElec
                  | MR+} (You bought it in a shop on level 7 of the Dungeon)
  7285 | D:7      | Identified the +8 arbalest of Dissent {penet, *Contam Str+2
                  | Stlth+} (You bought it in a shop on level 7 of the Dungeon)
  7338 | D:7      | Found a burning altar of Makhleb.
  7430 | D:7      | Found Gomusun's Antique Weapon Boutique.
  7637 | D:7      | Killed Harold
  7637 | D:7      | Reached skill level 1 in Axes
  7696 | D:7      | Found Weffikath's Antique Weapon Boutique.
  7937 | D:7      | Found a burning altar of Makhleb.
  8059 | D:9      | Gained mutation: You tend to lose your temper in combat.
                  | [mutagenic glow]
  8243 | D:10     | Entered Level 10 of the Dungeon
  8873 | D:10     | Reached skill level 5 in Axes
  8873 | D:10     | Reached XP level 11. HP: 91/97 MP: 10/10
  8988 | D:10     | Found a sacrificial altar of Ru.
  9156 | D:4      | Bought a potion of mutation for 96 gold pieces
  9156 | D:4      | Lost mutation: You tend to lose your temper in combat.
                  | [potion of mutation]
  9156 | D:4      | Gained mutation: You are dopey. (Int -2) [potion of
                  | mutation]
  9156 | D:4      | Gained mutation: Your flesh is cold resistant. (rC+)
                  | [potion of mutation]
  9156 | D:4      | Gained mutation: You are agile. (Dex +2) [potion of
                  | mutation]
  9253 | D:5      | Bought a runed chain mail for 180 gold pieces
  9333 | D:7      | Bought a runed arbalest for 187 gold pieces
  9474 | D:11     | Noticed a tengu warrior
  9492 | D:11     | Noticed a sphinx
  9496 | D:11     | Paralysed by a sphinx for 2 turns
  9500 | D:11     | HP: 2/99 [tengu warrior/+0 battleaxe (10)]
  9500 | D:11     | Mangled by a sphinx

Levels and vault maps discovered:
D:1:      dpeg_arrival_tiny_a, layout_rooms, roderic_roman_lattice
D:2:      layout_rooms, tso_metal_star, chequers_ecumenical_altar_simple_redux
D:3:      layout_basic, first_ration
D:4:      layout_basic, temple_green, serial_shops, nicolae_shop_stone, shop,
          shop, kennysheep_cross_bottleneck, minmay_stone_trees_medium
D:5:      layout_loops_cross, fedhas_altar_2, yredelemnul_altar_generic,
          overflow_temple_1_default, serial_shops,
          nicolae_shop_overgrown_old_shop
D:6:      minmay_general_purpose_star, layout_basic, grunt_temple_overflow_open,
          kennysheep_slug_shrine
D:7:      layout_loops_ring, marbit_many_paths, serial_shops,
          kennysheep_little_box, shop, uniq_joseph, uniq_duvessa, uniq_pikel,
          uniq_harold
D:8:      layout_basic, serial_shops, shop, uniq_maurice
D:9:      layout_basic, vehumet_altar_wand_db, lemuel_crystal_altar,
          serial_undead, serial_undead_e, serial_undead_c, serial_undead_f,
          serial_undead_b
D:10:     layout_roguey, hangedman_pestilent_swarm,
          nicolae_ru_the_path_less_chosen
D:11:     minmay_mutant_horseshoe, layout_grid_maze, minmay_lair_entry_grove,
          orc_david_3, chequers_decorated_corner, nicolae_twisting_strands,
          kb_lookout_dungeons_type
Temple:   minmay_temple_forest_path

Skill      XL: |  1  2  3  4  5  6  7  8  9 10 |
---------------+-------------------------------+-----
Crossbows      | 5 6 7 8 9 10 11 | 11.1
Armour         | 1 3 7 10 11 | 11.9
Fighting       | 3 5 9 10 | 10.0
Stealth        | 1 |  1.0
Dodging        | 4 |  4.7
Axes           | 5 |  5.8

Action                   |  1- 3 |  4- 6 |  7- 9 | 10-12 || total
-------------------------+-------+-------+-------+-------++-------
Melee: Short sword       |    37 |     2 |       |       ||    39
       Headbutt          |    10 |    13 |    67 |    52 ||   142
       Hand axe          |    21 |       |       |       ||    21
       Halberd           |       |   156 |   160 |       ||   316
       Demon whip        |       |       |   160 |   123 ||   283
       Executioner's axe |       |       |       |   114 ||   114
 Fire: Hand crossbow     |    12 |       |    12 |     3 ||    27
       Arbalest          |       |       |       |     7 ||     7
Invok: Potion Petition   |       |       |     1 |       ||     1
  Use: Scroll            |       |       |     1 |     1 ||     2
       Potion            |       |       |       |     3 ||     3
 Stab: Invisible         |       |       |     6 |       ||     6
       Distracted        |       |       |     1 |     1 ||     2
  Eat: Chunk             |       |     5 |       |       ||     5
       Ration            |       |     1 |     3 |     5 ||     9
Armor: Leather armour    |     3 |       |       |       ||     3
       Ring mail         |    21 |    16 |       |       ||    37
       Chain mail        |       |    63 |   171 |   193 ||   427
Dodge: Dodged            |    57 |    74 |   140 |   151 ||   422

Table legend:
 A = Non-vault XP
 B = Vault XP
 C = Vault XP percentage of total XP
 D = Non-vault monster count
 E = Vault monster count
 F = Vault count percentage of total count
                 A         B        C        D         E       F
            +---------+---------+-------+---------+---------+-------
      Total |    8189 |    3841 |  31.9 |     213 |      19 |   8.2
            +---------+---------+-------+---------+---------+-------
        D:1 |      41 |       0 |   0.0 |      15 |       0 |   0.0
        D:2 |     201 |       0 |   0.0 |      23 |       0 |   0.0
        D:3 |      82 |       0 |   0.0 |      19 |       0 |   0.0
        D:4 |     285 |       0 |   0.0 |      18 |       0 |   0.0
        D:5 |     794 |       0 |   0.0 |      20 |       0 |   0.0
        D:6 |    1115 |      47 |   4.0 |      18 |       2 |  10.0
        D:7 |     811 |    2309 |  74.0 |      19 |       6 |  24.0
        D:8 |     953 |     449 |  32.0 |      31 |       1 |   3.1
        D:9 |    1785 |     246 |  12.1 |      19 |       4 |  17.4
       D:10 |    2122 |     599 |  22.0 |      31 |       4 |  11.4
       D:11 |       0 |     191 | 100.0 |       0 |       2 | 100.0
            +---------+---------+-------+---------+---------+-------
